Workbook
Name ListeNatures: NatureT[Nature travaux]
Name ListePrestations: OFFSET(Tarifs[[#Headers],[PRESTATIONS]],MATCH(DEVIS!$C$20,Tarifs[TITRE],0),0,COUNTIF(Tarifs[TITRE],DEVIS!$C$20),1)
Name Zones: OFFSET(Tarifs[[#Headers],[TITRE]],0,2,1,COUNTA(Tarifs[#Headers])-2)

Sheet DEVIS
G11: =TODAY() -> 43723
E14: Madame
B20: NATURE DES TRAVAUX | C20: REMPLACEMENT DE LA TOITURE
B22: Nature des travaux | D22: Zone | E22: Qté | F22: u | G22: Prix unitaire | H22: Montant H.T.
B23: Montage & démontage de l'échafaudage (forfait) | D23: FORFAIT | E23: 1 | G23: =IF(B23<>"",INDEX(Tarifs[],MATCH(DEVIS!B23,Tarifs[PRESTATIONS],0),MATCH(D23,Tarifs[#Headers],0)),"") -> 550 | H23: =IF(G23="","",(E23*G23)) -> 550
B24: Réalisation sous-toiture | D24: ZONE 1 | E24: 230 | F24: m2 | G24: =IF(B24<>"",INDEX(Tarifs[],MATCH(DEVIS!B24,Tarifs[PRESTATIONS],0),MATCH(D24,Tarifs[#Headers],0)),"") -> 7 | H24: =IF(G24="","",(E24*G24)) -> 1610
F25: m2 | G25: =IF(B25<>"",INDEX(Tarifs[],MATCH(DEVIS!B25,Tarifs[PRESTATIONS],0),MATCH(D25,Tarifs[#Headers],0)),"") | H25: =IF(G25="","",(E25*G25))
F26: m2 | G26: =IF(B26<>"",INDEX(Tarifs[],MATCH(DEVIS!B26,Tarifs[PRESTATIONS],0),MATCH(D26,Tarifs[#Headers],0)),"") | H26: =IF(G26="","",(E26*G26))
G27: =IF(B27<>"",INDEX(Tarifs[],MATCH(DEVIS!B27,Tarifs[PRESTATIONS],0),MATCH(D27,Tarifs[#Headers],0)),"") | H27: =IF(G27="","",(E27*G27))
G28: =IF(B28<>"",INDEX(Tarifs[],MATCH(DEVIS!B28,Tarifs[PRESTATIONS],0),MATCH(D28,Tarifs[#Headers],0)),"") | H28: =IF(G28="","",(E28*G28))
G29: =IF(B29<>"",INDEX(Tarifs[],MATCH(DEVIS!B29,Tarifs[PRESTATIONS],0),MATCH(D29,Tarifs[#Headers],0)),"") | H29: =IF(G29="","",(E29*G29))
G30: =IF(B30<>"",INDEX(Tarifs[],MATCH(DEVIS!B30,Tarifs[PRESTATIONS],0),MATCH(D30,Tarifs[#Headers],0)),"") | H30: =IF(G30="","",(E30*G30))
G31: =IF(B31<>"",INDEX(Tarifs[],MATCH(DEVIS!B31,Tarifs[PRESTATIONS],0),MATCH(D31,Tarifs[#Headers],0)),"") | H31: =IF(G31="","",(E31*G31))
G32: =IF(B32<>"",INDEX(Tarifs[],MATCH(DEVIS!B32,Tarifs[PRESTATIONS],0),MATCH(D32,Tarifs[#Headers],0)),"") | H32: =IF(G32="","",(E32*G32))
G33: =IF(B33<>"",INDEX(Tarifs[],MATCH(DEVIS!B33,Tarifs[PRESTATIONS],0),MATCH(D33,Tarifs[#Headers],0)),"") | H33: =IF(G33="","",(E33*G33))
E34: Total hors taxes | H34: =SUM(H23:H33) -> 2160
E35: TVA | G35: 0.1 | H35: =H34*G35 -> 216
E36: Total TTC | H36: =SUM(H34:H35) -> 2376
B39: Conditions de règlement :
B40: Acompte de 30% au commencement des travaux : | E40: =H36*30% -> 712.8
B41: Solde à la livraison : | E41: =H36-E40 -> 1663.2

Sheet DETAIL PRESTATIONS
A1: TITRE | B1: PRESTATIONS | C1: FORFAIT | D1: ZONE 1 | E1: ZONE 2 | F1: ZONE 3 | G1: ZONE 4
A2: REMPLACEMENT DE LA TOITURE | B2: Montage & démontage de l'échafaudage (forfait) | C2: 550 | D2: 550 | E2: 550 | F2: 550 | G2: 550 | J2: Nature travaux
A3: REMPLACEMENT DE LA TOITURE | B3: Démontage et évacuation des tuiles | C3: 17 | D3: 17 | E3: 17 | F3: 17 | G3: 17 | J3: REMPLACEMENT DE LA TOITURE
A4: REMPLACEMENT DE LA TOITURE | B4: Réalisation sous-toiture | C4: 7 | D4: 7 | E4: 7 | F4: 7 | G4: 7 | J4: DEMOLITION DE LA FOSSE SEPTIQUE ET RACCORDEMENT RESEAU
A5: REMPLACEMENT DE LA TOITURE | B5: Remise en place des tuiles neuves | C5: 60 | D5: 60 | E5: 60 | F5: 60 | G5: 60
A6: DEMOLITION DE LA FOSSE SEPTIQUE ET RACCORDEMENT RESEAU | B6: Vidange de la fosse septique | C6: 150
A7: DEMOLITION DE LA FOSSE SEPTIQUE ET RACCORDEMENT RESEAU | B7: Démolition de la fosse septique | C7: 50
A8: DEMOLITION DE LA FOSSE SEPTIQUE ET RACCORDEMENT RESEAU | B8: Remplissage de la fosse septique et compactage | D8: 105
A9: DEMOLITION DE LA FOSSE SEPTIQUE ET RACCORDEMENT RESEAU | B9: Découpe béton et enrobé | D9: 2.15
A10: DEMOLITION DE LA FOSSE SEPTIQUE ET RACCORDEMENT RESEAU | B10: Fouille avec évacuation | D10: 50.77
A11: DEMOLITION DE LA FOSSE SEPTIQUE ET RACCORDEMENT RESEAU | B11: Pose tuyaux avec accessoires | D11: 12
A12: DEMOLITION DE LA FOSSE SEPTIQUE ET RACCORDEMENT RESEAU | B12: Rebouchage et compactage | D12: 105
A13: DEMOLITION DE LA FOSSE SEPTIQUE ET RACCORDEMENT RESEAU | B13: Remise en place béton et enrobé | D13: 90
